 Dungeon Crawl Stone Soup version 0.28-a0-643-g84cb2ea78e (webtiles) character file.

Game seed: 8789229091977594761

30009 tilp the Destroyer (level 13, -1/61 HPs)
             Began as a Felid Hedge Wizard on Oct 7, 2021.
             Was a High Priest of Sif Muna.
             Killed from afar by an orc sorcerer (17 damage)
             ... with a bolt of fire
             ... led by an orc warlord
             ... on level 1 of the Orcish Mines on Oct 10, 2021.
             The game lasted 01:37:52 (46055 turns).

tilp the Destroyer (Felid Hedge Wizard)            Turns: 46055, Time: 01:37:52

Health: -1/61      AC:  3    Str:  6      XL:     13   Next: 18%
Magic:  20/26      EV: 38    Int: 25 (26) God:    Sif Muna [*****.]
Gold:   2541       SH:  0    Dex: 16      Spells: 13/28 levels left
                                        Lives:  0   Deaths: 4

rFire   . . .      SeeInvis +     - Unarmed
rCold   + . .      Faith    .   (shield unavailable)
rNeg    . . .      Spirit   .   (armour unavailable)
rPois   +          Reflect  .   (helmet unavailable)
rElec   .          Harm     .   (cloak unavailable)
rCorr   .          Rampage  .   (gloves unavailable)
Will    +....                   (boots unavailable)
Stlth   ++++......              C - amulet of the acrobat
HPRegen 0.20/turn               G - ring of poison resistance
MPRegen 0.20/turn               o - +6 ring of intelligence

@: acrobatic, very slightly contaminated, invisible (expiring), quick
A: very small, claws 1, fangs 3, see invisible, speed 1, shaggy fur 3, stealthy
paws, no weapons or thrown items, no armour, multi-lived
a: Renounce Religion, Channel Magic, Forget Spell, Divine Exegesis


You were on level 1 of the Orcish Mines.
You worshipped Sif Muna.
Sif Muna was extremely pleased with you.
You visited 4 branches of the dungeon, and saw 20 of its levels.
You also visited: Sewer, Bailey, Gauntlet and Volcano.

You collected 2541 gold pieces.

Inventory:

Jewellery
 g - a ring of positive energy
 h - a +6 ring of strength
 o - a +6 ring of intelligence (right paw)
 q - a ring of ice
 r - a +6 ring of dexterity
 x - a ring of protection from fire
 C - an amulet of the acrobat (around neck)
 F - a ring of fire
 G - a ring of poison resistance (left paw)
 K - a ring of willpower
 L - a ring of willpower
Wands
 a - a wand of digging (7)
 t - a wand of polymorph (8)
 u - a wand of flame (67)
 A - a wand of paralysis (7)
 H - a wand of acid (6)
Scrolls
 m - 3 scrolls of teleportation
 w - 2 scrolls of summoning
 y - 3 scrolls of blinking
 D - 3 scrolls of fear
 E - a scroll of magic mapping
Potions
 b - 6 potions of flight
 c - 4 potions of mutation
 d - 6 potions of curing
 e - a potion of invisibility
 f - 3 potions of might
 i - 3 potions of haste
 j - 2 potions of attraction
 k - 2 potions of brilliance
 l - a potion of resistance
 n - 3 potions of lignification
 p - 6 potions of heal wounds
 v - 2 potions of berserk rage
 z - a potion of cancellation
 B - a potion of degeneration {unknown}
 J - a potion of magic {unknown}
Miscellaneous
 s - a lightning rod (4/4)


   Skills:
 - Level 10.0 Fighting
 - Level 10.0 Dodging
 - Level 10.0 Stealth
 - Level 10.0 Unarmed Combat
 - Level 8.0 Spellcasting
 + Level 12.0 Conjurations
 - Level 4.4 Hexes
 - Level 4.0 Summonings
 - Level 5.2 Translocations
 + Level 10.5 Fire Magic
 - Level 2.0 Air Magic
 - Level 2.0 Poison Magic
 - Level 6.0 Invocations
 - Level 6.0 Evocations


You had 13 spell levels left.
You knew the following spells:

 Your Spells              Type           Power      Damage    Failure   Level
a - Magic Dart            Conj           100%       1d8       1%          1
c - Blink                 Tloc           N/A        N/A       1%          2
d - Slow                  Hex            32%        N/A       1%          2
e - Conjure Flame         Conj/Fire      60%        6-21      1%          3
f - Mephitic Cloud        Conj/Pois/Air  36%        N/A       1%          3
g - Flame Wave            Conj/Fire      60%        3d11      1%          4

Your spell library contained the following spells:

 Spells                   Type           Power      Damage    Failure   Level
 Foxfire                  Conj/Fire      100%       2x1d9     1%          1
 Call Imp                 Summ           30%        N/A       1%          2
 Static Discharge         Conj/Air       45%        N/A       1%          2
 Iskenderun's Battlesphe  Conj           63%        2d11      1%          5
 Call Canine Familiar     Summ           30%        N/A       3%          3
 Poisonous Vapours        Pois/Air       40%        N/A       4%          2
 Hailstorm                Conj/Ice       40%        3d10      4%          4
 Freeze                   Ice            40%        1d6       6%          1
 Corpse Rot               Necr/Air       N/A        N/A       6%          2
 Swiftness                Air            20%        N/A       8%          3
 Irradiate                Conj/Tmut      20%        3d20      14%         5
 Frozen Ramparts          Ice            20%        1d4       19%         3
 Leda's Liquefaction      Hex/Erth       10%        N/A       24%         4
 Orb of Destruction       Conj           31%        9d12      36%         7
 Silence                  Hex/Air        13%        N/A       41%         5
 Animate Dead             Necr           5%         N/A       52%         4
 Dispel Undead            Necr           10%        3d9       52%         4
 Blade Hands              Tmut           5%         N/A       86%         5
 Borgnjor's Vile Clutch   Necr/Erth      5%         N/A       86%         5
 Death Channel            Necr           5%         N/A       100%        6
 Dragon Form              Tmut           5%         N/A       100%        7
 Lehudib's Crystal Spear  Conj/Erth      20%        10d6      100%        8
 Portal Projectile        Hex/Tloc       Unusable   N/A       N/A         3

Dungeon Overview and Level Annotations

Branches:
Dungeon (12/15)            Temple (1/1) D:7            Lair (6/6) D:9
  Swamp (0/4) Lair:2       Spider (0/4) Lair:3        Slime (0/5) Lair:5
    Orc (1/2) D:11          Sewer (visited)          Bailey (visited)
Volcano (visited)         Gauntlet (visited)

Altars:
Ashenzari
Cheibriados
Dithmenos
Elyvilon
Fedhas
Gozag
Hepliaklqana
Kikubaaqudgha
Makhleb
Nemelex Xobeh
Okawaru
Qazlal
Ru
Sif Muna
Trog
Uskayaw
Vehumet
Wu Jian
Xom
Yredelemnul
Zin
The Shining One
Jiyva

Shops:
D:3 [   D:5 (

Annotations:
D:10 exclusion: ice statue
D:12 Snorg
Lair:2 3 runed translucent doors, Jatofuta's ghost, journeyman MfGl
Lair:3 3 runed translucent doors, Fioreotur's ghost, journeyman TrMo
Lair:4 1 runed translucent door, Quyjis's ghost, journeyman DDGl


Innate Abilities, Weirdness & Mutations

You have sharp claws.
You have razor-sharp teeth.
You have supernaturally acute eyesight. (SInv)
You cover ground quickly. (Speed+)
Your thick and shaggy fur keeps you warm. (AC +3, rC+)
Your paws help you pounce on unaware monsters.
You are incapable of wielding weapons or throwing items.
You cannot wear armour.
You gain extra lives every three experience levels.


Message History

The flame wave engulfs the orc warrior!
The orc warrior is heavily wounded.
You finish channelling waves of flame.
You hear a shout! x2
The ogre completely misses you.
The orc knight roars a battlecry!
The orcs go into a battle-frenzy!
The orc knight misses you. The orc warlord completely misses you.
Unknown command.
Unknown command.
Casting: Flame Wave (dangerous; 1% risk of failure)
Confirm with . or Enter, or press ? or * to list all spells.
Casting: Flame Wave (dangerous; 1% risk of failure)
Press: ? - help, Dir - look around, f - activate A wave of flame ripples out!
The flame wave engulfs the orc knight!
You kill the orc knight!
Sif Muna accepts your kill.
Sif Muna will now gift you books as you gain piety.
The flame wave engulfs the orc warlord!
The orc warlord is lightly wounded.
The flame wave engulfs the ogre!
You kill the ogre!
Sif Muna accepts your kill. (Press . to intensify the flame waves.)
The orc warlord hits you with a +0 vampiric battleaxe!!!
Ouch! That really hurt!
* * * LOW HITPOINT WARNING * * *
You hear a shout!
Your Conjurations skill increases to level 12!
Unknown command.
Found 9 gold pieces.
Items here: )) [[.
Things that are here:
a +0 ring mail; a +0 club; an orc skeleton An orc comes into view.
It is wielding a +0 hand axe.
The orc knight no longer looks unusually strong.
You flicker for a moment.
The orc sorcerer points at you and mumbles some strange words.
The bolt of fire hits you!
You die...

. #.....#.##...#.###.. #.
#...........#......#..
#..#............#........
........##.[....o........
#.....o.##..o.)..........
####........)<)....#.....
##.....o.)))...#....#.
###....oO............
##..##o.@..........
#...#...h.......>..
##.###...).........
#...###.$..........
#...##...)†.......#
##...#............#.
###...........#.......
##.#..........##.......
#......$.......# .. .


You could see an orc warlord (wandering), an orc knight (wandering), a warg, an
orc sorcerer, an orc warrior (wandering), an ogre and an orc (wandering).

Vanquished Creatures
  A boulder beetle (D:7)
  Harold (D:9)
  3 hydras
  A centaur warrior (D:7)
  4 two-headed ogres
  6 orc knights
  2 wolf spiders (Lair:6)
  3 cyclopes
  A guardian serpent (Lair:6)
  11 black mambas
  26 elephants
  2 vault sentinels (D:10)
  20 cane toads
  A gargoyle (D:7)
  An unseen horror (D:11)
  2 rime drakes
  Maggie (D:9)
  17 komodo dragons
  4 polar bears
  4 trolls
  2 tyrant leeches (Lair:2)
  6 blink frogs
  5 hornets
  Grinder (D:4)
  2 slime creatures (D:12)
  6 dream sheep
  13 wyverns
  A redback (Lair:6)
  The ghost of qborf the Cudgeller, an amateur MiFi (D:3)
  A steam dragon (D:4)
  45 yaks
  2 wraiths
  4 basilisks
  2 fire elementals (Volcano)
  A warg (D:11)
  A swamp worm (Lair:2)
  32 water moccasins
  5 hell hounds
  2 black bears
  11 orc warriors
  3 sky beasts
  2 ice beasts
  A necrophage (D:7)
  5 ogres
  16 wolves
  5 centaurs
  A phantom (D:3)
  6 kobold brigands
  17 bullfrogs
  A scorpion (D:5)
  9 wights
  3 howler monkeys
  7 centaur zombies
  4 jellies
  6 hounds
  13 orc priests
  3 gnoll shamans (D:7)
  2 centaur skeletons (D:7)
  Jessica (D:2)
  Ijyb (D:3)
  11 orc wizards
  Natasha (thrice) (D:2)
  The ghost of zero the Sneak, a weakling SpCj (D:5)
  2 howler monkey zombies (D:7)
  9 gnolls
  3 howler monkey skeletons (D:7)
  10 adders
  3 river rats
  A hound simulacrum (D:3)
  2 shadow imps
  2 white imps
  A howler monkey simulacrum (D:3)
  2 ufetubi
  2 dart slugs
  An adder simulacrum (D:3)
  82 orcs
  4 bats
  11 endoplasms
  8 giant cockroaches
  9 goblins
  9 hobgoblins
  2 jackals (Sewer)
  4 quokkas
  6 ball pythons
  3 frilled lizards
  A jackal simulacrum (D:3)
  30 kobolds
  13 rats
  A bush (Lair:5)
  A butterfly (Lair:5)
597 creatures vanquished.

Vanquished Creatures (collateral kills)
  A wyvern skeleton (D:5)
  An orc priest (D:5)
  A worm (D:2)
  An orc (D:3)
4 creatures vanquished.

Vanquished Creatures (others)
  73 fungi
  158 plants
231 creatures vanquished.

Grand Total: 832 creatures vanquished

Notes
Turn   | Place    | Note
-------+----------+-------------------------------------------
     0 | D:1      | tilp the Felid Hedge Wizard began the quest for the Orb.
     0 | D:1      | Reached XP level 1. HP: 7/7 MP: 5/5
    21 | D:1      | Reached skill level 1 in Conjurations
   552 | D:1      | Reached XP level 2. HP: 11/11 MP: 1/7
   630 | D:1      | Reached skill level 2 in Conjurations
  1711 | D:2      | Noticed Jessica
  1716 | D:2      | Killed Jessica
  1717 | D:2      | Reached skill level 3 in Conjurations
  1717 | D:2      | Reached XP level 3. HP: 12/14 MP: 2/8
  1721 | D:2      | Learned a level 2 spell: Call Imp
  1724 | D:2      | Learned a level 2 spell: Blink
  1727 | D:2      | Learned a level 2 spell: Slow
  1790 | D:2      | Found a faded altar of an unknown god.
  2065 | D:2      | Noticed Natasha
  2072 | D:2      | Killed Natasha
  2073 | D:2      | Reached XP level 4. HP: 18/18 MP: 1/9
  2491 | D:2      | Reached skill level 4 in Conjurations
  2888 | D:2      | Noticed Natasha
  2897 | D:2      | Killed Natasha
  2898 | D:2      | Reached skill level 1 in Hexes
  2898 | D:2      | Reached XP level 5. HP: 12/21 MP: 1/10
  3002 | D:2      | Noticed Natasha
  3009 | D:2      | Killed Natasha
  3311 | D:3      | Found Zupsyx's Antique Armour Shoppe.
  3746 | D:3      | Noticed qborf's ghost (amateur MiFi)
  3837 | D:3      | Reached skill level 5 in Spellcasting
  3837 | D:3      | Reached skill level 5 in Conjurations
  3837 | D:3      | Reached skill level 5 in Translocations
  3837 | D:3      | Gained mutation: You are covered in thick fur. (AC +2)
                  | [Felid growth]
  3837 | D:3      | Reached XP level 6. HP: 28/28 MP: 3/14
  3842 | D:3      | Learned a level 3 spell: Conjure Flame
  3846 | D:3      | Learned a level 3 spell: Mephitic Cloud
  4099 | D:3      | Noticed Ijyb
  4113 | D:3      | Killed Ijyb
  4571 | D:3      | Found a runed translucent gate.
  4571 | D:3      | Found a runed translucent gate.
  4571 | D:3      | Found a runed translucent gate.
  5030 | D:4      | Noticed Grinder
  5044 | D:4      | Paralysed by Grinder for 2 turns
  5048 | D:4      | Killed Grinder
  5049 | D:4      | Reached skill level 5 in Unarmed Combat
  5049 | D:4      | Reached XP level 7. HP: 20/32 MP: 1/15
  5165 | D:4      | Noticed a steam dragon
  6477 | D:4      | Killed a steam dragon
  6478 | D:4      | Reached XP level 8. HP: 35/36 MP: 6/16
  6736 | D:4      | Identified a scroll of acquirement
  6736 | D:4      | Acquired 1114 gold pieces
  6845 | D:5      | Entered Level 5 of the Dungeon
  6920 | D:5      | Found a glowing drain.
  7183 | Sewer    | Entered a sewer
  7754 | Sewer    | Found a glowing silver altar of Zin.
  8119 | D:5      | Reached skill level 6 in Conjurations
  8315 | D:5      | Identified the +8 hand axe of Abomination {venom, rCorr
                  | Str+2 Dex+2}
  8342 | D:5      | Reached skill level 1 in Fire Magic
  8342 | D:5      | Reached skill level 1 in Air Magic
  8342 | D:5      | Reached skill level 1 in Poison Magic
  9084 | D:5      | Found a large runed translucent door.
  9084 | D:5      | Found a large runed translucent door.
  9088 | D:5      | Noticed zero's ghost (weakling SpCj)
  9201 | D:5      | Found Fusunam's Weapon Shop.
  9631 | D:6      | Reached XP level 9. HP: 39/39 MP: 18/18
 10705 | D:7      | Found a staircase to the Ecumenical Temple.
 10811 | D:7      | Identified the +6 mace of Fragile Peace {freeze, Stlth+}
 11670 | Temple   | Entered the Ecumenical Temple
 11872 | Temple   | Became a worshipper of Sif Muna the Loreminder
 12386 | D:7      | Noticed a two-headed ogre
 12700 | D:7      | Noticed a boulder beetle
 13154 | D:7      | Noticed a cyclops
 13154 | D:7      | Noticed a troll
 13402 | D:7      | Reached skill level 7 in Conjurations
 13652 | D:7      | HP: 1/39 [troll (6)]
 13655 | D:7      | Killed a troll
 14168 | D:7      | Noticed a two-headed ogre
 14206 | D:7      | Killed a two-headed ogre
 14207 | D:7      | Reached skill level 8 in Conjurations
 14207 | D:7      | Reached XP level 10. HP: 43/43 MP: 9/20
 14213 | D:7      | Killed a two-headed ogre
 14214 | D:7      | Reached skill level 5 in Fighting
 14603 | D:7      | Killed a cyclops
 14922 | D:7      | Mangled by a boulder beetle
 14923 | D:7      | Reached XP level 9. HP: -10/40 MP: 15/19
 15535 | D:7      | Noticed a centaur warrior
 15550 | D:7      | Killed a centaur warrior
 15551 | D:7      | Reached skill level 1 in Invocations
 15942 | D:7      | Identified the +1 ring mail of Negation {Rampage rPois rF-
                  | Int-2 Dex+7}
 15954 | D:7      | Noticed a gargoyle
 16438 | D:8      | Noticed a two-headed ogre
 16770 | D:7      | Killed a two-headed ogre
 16771 | D:7      | Reached XP level 10. HP: 36/45 MP: 9/20
 17677 | D:8      | Reached * piety under Sif Muna
 18712 | D:9      | Noticed Maggie
 18731 | D:9      | Found a staircase to the Lair.
 19376 | D:9      | Noticed Harold
 19533 | D:9      | Killed Harold
 20890 | D:9      | Found an iron altar of Okawaru.
 21410 | D:9      | Killed Maggie
 21411 | D:9      | Reached skill level 1 in Evocations
 21945 | D:9      | Found an iron altar of Okawaru.
 22247 | D:9      | Found a staircase to the Lair.
 22448 | D:10     | Entered Level 10 of the Dungeon
 22605 | D:10     | Noticed a vault sentinel
 22605 | D:10     | Noticed a vault sentinel
 22605 | D:10     | Found the +18 shield of the Gong {rElec rN+ Will+ EV-5}
 22894 | D:10     | Noticed an ice statue
 22917 | D:10     | Noticed a two-headed ogre
 23049 | D:10     | Killed a vault sentinel
 23050 | D:10     | Reached XP level 11. HP: 48/48 MP: 18/24
 23322 | D:10     | Killed a two-headed ogre
 23325 | D:10     | Reached ** piety under Sif Muna
 26699 | D:11     | Found a staircase to the Orcish Mines.
 27527 | D:12     | Found a flagged portal.
 27649 | Bailey   | Entered a bailey
 27856 | Bailey   | Reached *** piety under Sif Muna
 28097 | Bailey   | Acquired the Collected Works on Battle Magic
 28104 | Bailey   | Learned a level 4 spell: Flame Wave
 28104 | Bailey   | Gained mutation: Your thick and shaggy fur keeps you warm.
                  | (AC +3, rC+) [Felid growth]
 28104 | Bailey   | Reached XP level 12. HP: 55/55 MP: 25/25
 28105 | Bailey   | Reached XP level 13. HP: 58/58 MP: 26/26
 28184 | Bailey   | Reached skill level 10 in Stealth
 28243 | Bailey   | Reached skill level 10 in Dodging
 28416 | Bailey   | Slain by an orc knight
 28417 | Bailey   | Reached XP level 12. HP: -1/55 MP: 11/25
 28731 | D:12     | Noticed Snorg
 28887 | D:12     | Noticed a two-headed ogre
 29017 | Lair:1   | Entered Level 1 of the Lair of Beasts
 29026 | Lair:1   | Reached skill level 9 in Conjurations
 29039 | Lair:1   | Found a gate leading to a gauntlet.
 29064 | Lair:1   | Reached XP level 13. HP: 42/58 MP: 1/26
 29178 | Gauntlet | Entered a Gauntlet
 29178 | Gauntlet | Found a transporter.
 29190 | Gauntlet | Found a runed translucent door.
 29190 | Gauntlet | Found a transporter.
 29192 | Gauntlet | Found a transporter.
 29195 | Gauntlet | Found a transporter.
 29196 | Gauntlet | Found a transporter.
 29204 | Gauntlet | Found a transporter.
 29224 | Gauntlet | Found a transporter.
 29244 | Gauntlet | Found a transporter.
 29248 | Gauntlet | Found a transporter.
 29259 | Gauntlet | Found a transporter.
 29319 | Gauntlet | Found a transporter.
 29335 | Gauntlet | Found a transporter.
 30476 | Lair:1   | Reached skill level 10 in Conjurations
 31224 | Lair:1   | Reached **** piety under Sif Muna
 31228 | Lair:1   | Reached skill level 5 in Evocations
 31561 | Lair:2   | Reached skill level 5 in Invocations
 31735 | Lair:2   | Found a runed translucent gate.
 31735 | Lair:2   | Found a runed translucent gate.
 31736 | Lair:2   | Found a runed translucent gate.
 31738 | Lair:2   | Noticed Jatofuta's ghost (journeyman MfGl)
 31776 | Lair:2   | Found a dark tunnel.
 31785 | Volcano  | Entered a volcano
 32400 | Lair:2   | HP: 2/58 [tyrant leech (30)]
 32991 | Lair:2   | Found a staircase to the Swamp.
 33604 | Lair:2   | Found a viscous altar of Jiyva.
 33878 | Lair:3   | Found a runed translucent gate.
 33878 | Lair:3   | Found a runed translucent gate.
 33878 | Lair:3   | Found a runed translucent gate.
 34019 | Lair:3   | Noticed a minotaur
 34028 | Lair:3   | Noticed Fioreotur's ghost (journeyman TrMo)
 34392 | Lair:3   | Found a hole to the Spider Nest.
 35128 | Lair:4   | Found a runed translucent door.
 35130 | Lair:4   | Noticed Quyjis's ghost (journeyman DDGl)
 36871 | Lair:5   | Reached ***** piety under Sif Muna
 37121 | Lair:5   | Reached XP level 14. HP: 60/65 MP: 2/27
 37738 | Lair:5   | Reached skill level 10 in Fighting
 37738 | Lair:5   | Reached skill level 10 in Unarmed Combat
 38006 | Lair:5   | Found a runed translucent door.
 38006 | Lair:5   | Found a viscous altar of Jiyva.
 38966 | Lair:5   | Found a staircase to the Slime Pits.
 39372 | D:3      | Killed qborf's ghost
 39597 | D:5      | Killed zero's ghost
 40085 | Lair:6   | Entered Level 6 of the Lair of Beasts
 40797 | Lair:5   | Annihilated by a cane toad
 40798 | Lair:5   | Reached XP level 13. HP: -38/61 MP: 23/26
 40809 | Lair:5   | Received a gift from Sif Muna
 40816 | Lair:5   | Got Sif Muna's Disquisition on Noxious Air {god gift}
 41604 | Lair:6   | Reached skill level 11 in Conjurations
 43371 | Lair:6   | Upgraded the game from 0.28-a0-622-gbaef9634d7 to
                  | 0.28-a0-643-g84cb2ea78e
 43672 | Lair:6   | Reached skill level 10 in Fire Magic
 44321 | Lair:6   | Reached XP level 14. HP: 50/66 MP: 19/27
 45677 | Orc:1    | Entered Level 1 of the Orcish Mines
 45909 | Orc:1    | Noticed an orc warlord
 45909 | Orc:1    | Slain by an orc knight
 45910 | Orc:1    | Reached XP level 13. HP: -1/61 MP: 26/26
 46033 | Orc:1    | Reached skill level 12 in Conjurations
 46055 | Orc:1    | Killed from afar by an orc sorcerer

Illustrated notes

Levels and vault maps discovered:
D:1:      dpeg_arrival_oval, layout_loops_corners, nrook_mini_backslash,
          chequers_serial_rivers_micro_b, minmay_misc_feat_x,
          minmay_tetromino_i4
D:2:      layout_loops_ring, ebering_ecumenical_altar_mist, uniq_natasha,
          uniq_jessica
D:3:      layout_loops_ring, gammafunk_ghost_icy, serial_shops, shop, uniq_ijyb
D:4:      layout_rooms, minmay_misc_feat_cross, uniq_grinder
D:5:      layout_loops_ring, serial_shops, shop, portal_sewer_entry_c,
          ebering_ghost_disaster_area
D:6:      layout_rooms
D:7:      nzn_winding_woodlands_stair_cross [nzn_winding_woodlands_5x15_parted,
          nzn_winding_woodlands_center_pierced_h,
          nzn_winding_woodlands_5x15_jagged, nzn_winding_woodlands_hourglass,
          nzn_winding_woodlands_5x5_default,
          nzn_winding_woodlands_5x15_sawtooth,
          nzn_winding_woodlands_center_diamonds,
          nzn_winding_woodlands_5x15_lazy_stream], layout_basic,
          minmay_temple_entry_statues_fountains
D:8:      layout_cave_pools
D:9:      layout_layer_cave, okawaru_altar_gauntlet_db, david_lair_shrubbed,
          uniq_harold, uniq_maggie
D:10:     lemuel_ice_statue, layout_rooms, hellmonk_guarded_unrand_gong
D:11:     layout_basic, erik_orc_4, minmay_misc_feat_iff,
          kennysheep_generic_room_4
D:12:     layout_long_grid, enter_bailey_4, uniq_snorg, uniq_jorgrun
Temple:   kilobyte_greek_temple
Lair:1:   layout_chaotic_city, gauntlet_entry_generic, minmay_shattered_shrine
Lair:2:   layout_gridlike, minmay_swamp_entry_worms,
          nicolae_volcano_entry_hallway, gammafunk_ghost_ooze,
          grunt_megastairs_1
Lair:3:   layout_chaotic_city, spider_nest_entry_a,
          maelrawn_ghost_gauntlet_escape, grunt_megastairs_4,
          serial_bayou_shore_a
Lair:4:   layout_cave_pods, ebering_ghost_reflecting_pool, lemuel_fruit_fields
Lair:5:   layout_loops_ring, slime_altar_2, st_stairs_5,
          cheibrodos_lair_reptile_den, grunt_megastairs_5, lemuel_fruit_tree
Lair:6:   hangedman_lair_tendril_chambers, layout_regular_city,
          infiniplex_staircase_pool_2
Orc:1:    layout_caves

Skill      XL: |  1  2  3  4  5  6  7  8  9 10 11 12 13 14 |
---------------+-------------------------------------------+-----
Conjurations   | 1 3 4 5 6 8 9 12 | 12.0
Hexes          | 1 4 |  4.4
Translocations | 2 5 |  5.2
Fighting       | 4 6 5 8 9 10 | 10.0
Dodging        | 6 8 7 9 10 | 10.0
Stealth        | 6 7 8 9 10 | 10.0
Unarmed Combat | 4 5 6 8 9 10 | 10.0
Spellcasting   | 5 6 8 |  8.0
Summonings     | 3 4 |  4.0
Fire Magic     | 1 2 4 8 10 | 10.5
Air Magic      | 1 2 |  2.0
Poison Magic   | 1 2 |  2.0
Invocations    | 3 4 6 |  6.0
Evocations     | 3 4 6 |  6.0

Action                   |  1- 3 |  4- 6 |  7- 9 | 10-12 | 13-15 || total
-------------------------+-------+-------+-------+-------+-------++-------
Melee: Unarmed           |     7 |     8 |   130 |   253 |   237 ||   635
       Bite              |       |     2 |    17 |    30 |    35 ||    84
       Punch             |       |       |     6 |     5 |    13 ||    24
 Cast: Magic Dart        |    74 |   157 |   438 |   420 |   130 ||  1219
       Call Imp          |       |     7 |     6 |     2 |       ||    15
       Conjure Flame     |       |       |    46 |    46 |    38 ||   130
       Mephitic Cloud    |       |       |    31 |    65 |    75 ||   171
       Blink             |       |       |     3 |     8 |     5 ||    16
       Slow              |       |       |     1 |       |     4 ||     5
       Flame Wave        |       |       |       |     9 |   179 ||   188
Evoke: Lightning rod     |       |       |       |     3 |     2 ||     5
       Wand              |       |       |       |       |    23 ||    23
  Use: Scroll            |     6 |     1 |     5 |     7 |    10 ||    29
       Potion            |       |     1 |     2 |     2 |     5 ||    10
 Stab: Sleeping          |       |     1 |     6 |     1 |     6 ||    14
       Confused          |       |       |    15 |    42 |    28 ||    85
       Paralysed         |       |       |       |       |     4 ||     4
Armor: Skin              |     1 |       |    11 |    13 |    21 ||    46
Dodge: Dodged            |    18 |    25 |   197 |   227 |   492 ||   959

Table legend: (Time is in decaauts)
 A = Elapsed time spent in this place.
 B = Non-inter-level travel time spent in this place.
 C = Inter-level travel time spent in this place.
 D = Time resting spent in this place.
 E = Time spent auto-exploring this place.
 F = Levels seen in this place.
 G = Mean time per level.
                   A        B        C        D        E       F      G
               +--------+--------+--------+--------+--------+-----+--------+
         Total |  42434 |  40335 |   2099 |  18197 |  15800 |  24 | 1768.1 |
       Dungeon |  26068 |  24630 |   1438 |  10330 |  10551 |  12 | 2172.3 |
        Temple |    291 |    267 |     24 |    103 |    149 |   1 |  291.0 |
          Lair |  13995 |  13360 |    635 |   6705 |   4637 |   6 | 2332.5 |
  Orcish Mines |     66 |     66 |      0 |      6 |      0 |   1 |   66.0 |
         Sewer |    623 |    623 |      0 |    331 |    200 |   1 |  623.0 |
        Bailey |   1018 |   1018 |      0 |    576 |    129 |   1 | 1018.0 |
       Volcano |    191 |    191 |      0 |    145 |      8 |   1 |  191.0 |
      Gauntlet |    179 |    179 |      0 |      0 |    123 |   1 |  179.0 |
               +--------+--------+--------+--------+--------+-----+--------+

Top non-repeatable levels by time:
     D:7: 6011 daAuts
     D:9: 3579 daAuts
  Lair:6: 3561 daAuts
    D:11: 3440 daAuts
  Lair:5: 3094 daAuts
  Lair:1: 2541 daAuts
     D:3: 2245 daAuts
     D:5: 2084 daAuts
  Lair:4: 2014 daAuts
     D:2: 1959 daAuts
  Lair:3: 1573 daAuts
     D:8: 1482 daAuts
     D:6: 1340 daAuts
     D:1: 1292 daAuts
    D:10: 1247 daAuts
